 Dungeon Crawl Stone Soup version 0.21.1-1-g345015f (webtiles) character file.

23 inc the Ducker (level 2, -1/13 HPs)
             Began as a Felid Transmuter on Mar 5, 2018.
             Slain by an adder (3 damage)
             ... on level 2 of the Dungeon.
             The game lasted 00:01:25 (855 turns).

inc the Ducker (Felid Transmuter)                    Turns: 855, Time: 00:01:25

Health: -1/13      AC:  1    Str:  6    XL:     2   Next: 75%
Magic:  5/6        EV: 19    Int: 14    God:
Gold:   104        SH:  0    Dex: 16    Spells: 4/5 levels left
                                        Lives:  0   Deaths: 0

rFire    . . .     SeeInvis +     - Unarmed
rCold    . . .     Gourm    .   (shield unavailable)
rNeg     . . .     Faith    .   (armour unavailable)
rPois    .         Spirit   .   (helmet unavailable)
rElec    .         Reflect  .   (cloak unavailable)
rCorr    .         Harm     .   (gloves unavailable)
MR       +....                  (boots unavailable)
Stlth    ++........             (no amulet)
HPRegen  0.04/turn              f - ring of protection from magic
MPRegen  0.10/turn              (no ring)

@: appendage, quick
A: very small, no armour, no weapons or thrown items, stealth, claws 1, fangs 3,
horns 2, see invisible, carnivore, speed 1, shaggy fur 1, slow metabolism 1,
sharp paws
a: End Transformation


You were on level 2 of the Dungeon.
You were not hungry.
You had grown temporary horns.
You visited 1 branch of the dungeon, and saw 2 of its levels.

You collected 104 gold pieces.

Inventory:

Missiles
 a - 12 arrows
Jewellery
 f - a ring of protection from magic (left paw)
Scrolls
 d - a scroll of identify {unknown}
 e - a scroll of fear {unknown}
 g - a scroll of immolation {unknown}
Books
 b - a book of Changes

   Spells                             Type                      Level
   a - Beastly Appendage              Transmutation                1
   b - Sticks to Snakes               Transmutation                2
   c - Spider Form                    Transmutation/Poison         3
   d - Ice Form                       Ice/Transmutation            4
   e - Blade Hands                    Transmutation                5
Comestibles
 c - 3 rations


   Skills:
 - Level 2.2 Fighting
 + Level 3.4 Dodging
 - Level 3.0 Unarmed Combat
 - Level 2.0 Spellcasting
 - Level 2.2 Transmutations


You had 4 spell levels left.
You knew the following spells:

 Your Spells              Type           Power        Failure   Level  Hunger
a - Beastly Appendage     Tmut           #.....       10%         1    ##.....


Dungeon Overview and Level Annotations

Branches:
Dungeon (2/15)

Altars:


Innate Abilities, Weirdness & Mutations

You cannot wear armour.
You are incapable of wielding weapons or throwing items.
Your paws allow you to move quietly. (Stealth)
You have sharp claws.
You have razor-sharp teeth.
You have supernaturally acute eyesight. (SInv)
You are carnivorous and can eat meat at any time.
You cover ground quickly.
You are covered in fur. (AC +1)
You have a slow metabolism.
Your sharp claws are effective at attacking unaware monsters.
You have a pair of horns on your head.


Message History

You scratch the adder.
The adder is moderately wounded.
The adder completely misses you. The adder bites you.
You closely miss the adder.
The adder is moderately wounded.
The adder barely misses you. The leopard gecko misses you.
You scratch the adder.
The adder is heavily wounded.
Your horns disappear.
The adder misses you. The leopard gecko barely misses you.
The adder closely misses you.
You see here a worm corpse.
Casting: Beastly Appendage
Confirm with . or Enter, or press ? or * to list all spells.
You grow a pair of large bovine horns.
The adder bites you.
* * * LOW HITPOINT WARNING * * *
You barely miss the adder. Your bite misses the adder.
The adder is moderately wounded.
The adder bites you.
You die...

######.
###+#######+##......
..........$....#
...............#
(..............###
###+#######+##...#
###l# #S# #@# #.####
#....# ####.# #.#
#.# ##.## #.<.#
##.##


You could see an adder and a leopard gecko.

Vanquished Creatures
  An ooze (D:1)
  A worm (D:2)
  A leopard gecko (D:1)
  A giant cockroach (D:1)
  3 goblins (D:1)
  A kobold (D:1)
  2 bats (D:1)
  4 frilled lizards
  3 rats (D:1)
  A fungus (D:1)
18 creatures vanquished.

Vanquished Creatures (others)
  5 toadstools (D:1)
5 creatures vanquished.

Grand Total: 23 creatures vanquished

Notes
Turn   | Place    | Note
-------+----------+-------------------------------------------
     0 | D:1      | inc the Felid Transmuter began the quest for the Orb.
     0 | D:1      | Reached XP level 1. HP: 9/9 MP: 4/4
   235 | D:1      | Reached XP level 2. HP: 12/13 MP: 6/6
   855 | D:2      | Slain by an adder

Skill      XL: |  1  2 |
---------------+-------+-----
Fighting       | 2 |  2.2
Dodging        | 3 |  3.4
Unarmed Combat | |  3.0
Spellcasting   | |  2.0
Transmutations | |  2.2

Action                   || total
-------------------------++-------
Melee: Unarmed           ||    79
       Bite              ||     4
       Headbutt          ||     2
 Cast: Beastly Appendage ||     4
 Stab: Sleeping          ||     2
Armor: Skin              ||     7
Dodge: Dodged            ||    54
